Map: Deathaura LE

Players

MysteryMan (Rilakkuma) - Winner!

  • Race: Zerg Zerg
  • Spawn Location: 11:00

ExpecT

  • Race: Terran Terran
  • Spawn Location: 5:00

Event: DreamHack SC2 Masters 2020 Winter

VOD

Have the link to the VOD?

Description

Time

  • Played on: Oct. 21, 2020, 9:34 a.m.
  • Length: 16:49

All games in this series

Show
View Real Time Build Order
Export as new Build Order

MysteryMan Zerg - Winner!

Build Orders: Hatch First, Muta Ling Bane 

Get SALT Encoding   

  12  0:00  Drone  
  13  0:12  Overlord  
  13  0:17  Drone  
  14  0:30  Drone x2  
  16  0:48  Hatchery  
  15  0:51  Drone  
  15  0:55  Drone  
  17  0:58  Drone  
  18  1:09  Extractor  
  17  1:14  Spawning Pool  
  17  1:16  Drone  
  17  1:19  Drone  
  18  1:27  Drone  
  19  1:38  Drone  
  20  1:49  Overlord  
  20  2:01  Queen x2  
  20  2:02  Zergling x4  
  26  2:11  Drone x2  
  28  2:21  Hatchery  
  27  2:24  Drone  
  27  2:28  Drone  
  29  2:33  Drone  
  29  2:45  Metabolic Boost  
  29  2:46  Queen, Drone  
  29  2:47  Drone  
  33  2:51  Overlord  
  33  2:54  Drone  
  33  2:56  Drone  
  35  3:05  Drone  
  36  3:10  Drone x2  
  36  3:12  Drone x2  
  40  3:18  Zergling x2  
  41  3:20  Overlord  
  41  3:21  Queen  
  41  3:26  Drone  
  44  3:32  Overlord  
  44  3:33  Queen  
  46  3:34  Drone  
  46  3:37  Zergling x4  
  46  3:40  Drone x2  
  51  3:43  Drone  
  51  3:46  Drone  
  53  3:48  Drone  
  53  3:52  Drone  
  56  3:55  Drone x2  
  56  3:56  Drone x2  
  56  3:57  Queen  
  56  4:02  Overlord  
  61  4:03  Drone  
  61  4:09  Overlord  
  62  4:17  Overlord  
  62  4:20  Baneling Nest  
  62  4:22  Drone  
  62  4:23  Drone x4  
  66  4:28  Zergling x2  
  66  4:29  Zergling x2  
  66  4:30  Drone  
  66  4:31  Drone x3  
  70  4:34  Lair  
  70  4:38  Spore Crawler  
  71  4:39  Spore Crawler  
  71  4:43  Drone x6  
  76  4:49  Extractor  
  76  4:51  Extractor  
  73  4:53  Zergling x4  
  73  4:54  Zergling x2  
  73  5:02  Zergling x4  
  73  5:05  Drone x2  
  72  5:08  Drone x2  
  72  5:09  Drone  
  72  5:10  Drone x2  
  76  5:16  Extractor  
  76  5:17  Drone, Extractor  
  76  5:18  Drone x5  
  80  5:23  Drone  
  80  5:24  Drone  
  82  5:28  Hatchery, Overlord  
  82  5:32  Overlord  
  82  5:34  Centrifical Hooks  
  81  5:37  Evolution Chamber  
  81  5:39  Overlord x2  
  81  5:40  Evolution Chamber  
  79  5:44  Drone x3  
  79  5:45  Extractor  
  79  5:46  Overlord x2  
  79  5:48  Drone x2  
  79  5:49  Zergling x6  
  86  5:52  Overseer  
  86  5:59  Zergling x6  
  86  6:03  Zerg Melee Weapons Level 1  
  89  6:07  Zerg Ground Armor Level 1  
  89  6:08  Zergling x6, Spire  
  89  6:10  Overseer  
  91  6:13  Zergling x12  
  91  6:14  Zergling x2  
  98  6:19  Baneling x5  
  98  6:23  Overlord  
  98  6:24  Zergling x8  
  102  6:30  Zergling x2  
  102  6:31  Zergling x2  
  104  6:39  Zergling x8  
  108  6:45  Zergling x12  
  113  6:52  Zergling x6  
  110  6:55  Zergling x2  
  110  6:59  Zergling x2  
  101  7:18  Drone x5  
  101  7:21  Mutalisk x10  
  124  7:28  Zergling x4  
  121  7:36  Mutalisk x3  
  120  7:39  Queen  
  120  7:40  Drone  
  120  7:41  Drone x2  
  120  7:43  Drone  
  120  7:44  Drone  
  128  7:45  Drone x3  
  128  7:50  Overlord x2  
  128  7:51  Overlord  
  131  7:55  Overlord x2  
  131  7:56  Zerg Flyer Weapons Level 1  
  131  8:02  Extractor  
  130  8:07  Overlord x2, Zerg Melee Weapons Level 2  
  130  8:08  Queen  
  130  8:09  Zerg Ground Armor Level 2  
  130  8:11  Zergling x8  
  136  8:14  Zergling x6  
  136  8:19  Zergling x12  
  144  8:28  Mutalisk  
  144  8:29  Mutalisk x2  
  148  8:36  Zergling x2  
  148  8:37  Zergling x8  
  151  8:45  Zergling x8  
  155  8:52  Hatchery, Overlord  
  155  8:54  Mutalisk x3  
  160  8:58  Infestation Pit  
  159  9:04  Zergling x2  
  159  9:05  Zergling x12  
  166  9:18  Zergling x2, Overlord  
  166  9:19  Zergling x12  
  173  9:27  Pneumatized Carapace  
  173  9:28  Mutalisk x3  
  173  9:29  Mutalisk x3  
  185  9:31  Zergling x8  
  185  9:32  Zergling x2  
  185  9:35  Hive  
  191  9:38  Drone x3  
  191  9:39  Drone  
  191  9:43  Zergling x10  
  191  9:44  Extractor  
  198  9:50  Overlord  
  198  9:52  Baneling x12  
  198  9:53  Zergling x2  
  198  9:54  Zergling x2  
  200  10:19  Baneling x12  
  200  10:23  Zerg Flyer Weapons Level 2  
  200  10:28  Baneling x9  
  200  10:32  Baneling  
  200  10:33  Baneling x3  
  200  10:40  Baneling x5  
  196  10:57  Zergling x10  
  170  11:06  Zergling x38  
  170  11:08  Zerg Melee Weapons Level 3, Zerg Ground Armor Level 3  
  170  11:09  Queen  
  173  11:18  Mutalisk  
  167  11:22  Drone x2  
  167  11:25  Drone x4  
  172  11:26  Drone x4, Extractor  
  172  11:28  Zergling x10  
  180  11:34  Drone x2  
  180  11:37  Drone  
  180  11:38  Drone x3  
  186  11:46  Zergling x4  
  186  11:47  Zergling x6  
  191  11:48  Baneling x18  
  190  11:56  Ultralisk Cavern  
  185  12:07  Zergling x16  
  185  12:08  Zergling x4  
  188  12:13  Zergling x16  
  190  12:19  Adrenal Glands  
  190  12:28  Baneling  
  190  12:29  Baneling x8  
  190  12:32  Zergling x18  
  197  12:49  Zergling x18  
  197  12:50  Zergling x4  
  200  12:52  Baneling x9  
  200  12:53  Baneling x6  
  183  13:16  Ultralisk x3  
  183  13:19  Zergling x22  
  188  13:20  Zergling x4, Chitinous Plating  
  152  13:31  Corruptor x3  
  154  13:37  Zergling x8  
  154  13:39  Drone  
  159  13:41  Extractor  
  159  13:42  Extractor  
  159  13:45  Baneling x3  
  159  13:46  Baneling x4  
  159  13:47  Zergling x2  
  159  13:48  Zergling x6  
  161  13:52  Drone  
  161  13:53  Zergling x12  
  168  14:04  Hatchery, Corruptor x2  
  168  14:07  Zergling x8  
  175  14:14  Corruptor  
  175  14:15  Corruptor x4  
  185  14:21  Zergling x2  
  185  14:22  Zergling x12  
  185  14:23  Hatchery  
  191  14:29  Baneling x14  
  191  14:31  Overseer  
  191  14:33  Zergling x4  
  191  14:34  Zergling x12  
  198  14:43  Zergling x10  
  198  14:44  Zergling x4  
  172  14:54  Zergling x2  
  172  14:55  Zergling x12  
  162  15:01  Zergling x10  
  160  15:14  Zergling x12  
  160  15:20  Corruptor x2  
  165  15:22  Zergling x2  
  165  15:26  Baneling x8  
  165  15:27  Baneling x4  
  160  15:32  Zergling x10  
  165  15:36  Zergling x10  
  165  15:39  Baneling x11  
  170  15:43  Zergling x8  
  170  15:46  Anabolic Synthesis  
  174  15:51  Spine Crawler  
  174  15:53  Zergling x10  
  174  15:54  Zergling x4, Spine Crawler, Spore Crawler  
  178  15:57  Ultralisk  
  178  15:58  Ultralisk x2  
  178  16:01  Extractor  
  178  16:02  Extractor  
  194  16:05  Zergling x2  
  194  16:06  Zergling x10  
  170  16:18  Zergling x2  
  170  16:19  Zergling x28  
Show
View Real Time Build Order
Export as new Build Order

ExpecT Terran 

Build Orders: Hellion Opening, Liberator Opening, Reaper Expand 

Get SALT Encoding   

  12  0:00  SCV  
  13  0:12  SCV  
  14  0:18  Supply Depot  
  14  0:24  SCV  
  15  0:40  SCV  
  15  0:42  Barracks  
  16  0:45  Refinery  
  16  0:52  SCV  
  17  1:04  SCV  
  18  1:16  SCV  
  19  1:29  Orbital Command  
  19  1:30  Reaper  
  20  1:39  Command Center  
  20  1:48  Supply Depot  
  20  1:55  SCV  
  21  2:03  Marine  
  21  2:07  Factory  
  22  2:09  SCV  
  22  2:15  Refinery  
  23  2:21  SCV  
  24  2:23  Barracks Reactor  
  24  2:33  SCV  
  25  2:45  SCV  
  26  2:55  Starport  
  26  2:57  SCV  
  26  2:58  Orbital Command  
  27  3:06  Hellion x2  
  27  3:07  Barracks Tech Lab  
  27  3:10  SCV  
  32  3:22  Supply Depot  
  32  3:24  SCV x2  
  34  3:29  Hellion x2  
  34  3:33  Viking  
  40  3:34  Stimpack  
  40  3:36  SCV  
  40  3:38  SCV  
  42  3:51  Hellion  
  42  3:52  Hellion  
  42  3:55  SCV x2  
  48  4:09  Liberator  
  51  4:12  Command Center  
  51  4:13  SCV  
  51  4:14  SCV  
  53  4:18  Supply Depot  
  53  4:19  Marine  
  54  4:33  Factory Tech Lab  
  54  4:35  Barracks  
  54  4:38  Barracks  
  54  4:40  SCV x2  
  56  4:48  Marine  
  56  4:52  SCV x2  
  52  5:05  SCV x2  
  52  5:07  Starport Reactor  
  52  5:11  Engineering Bay, Marine  
  52  5:12  Engineering Bay, Siege Tank  
  52  5:15  Refinery  
  52  5:16  Refinery  
  52  5:18  SCV x2  
  52  5:21  Combat Shield  
  54  5:23  Marine  
  54  5:24  Orbital Command, Marine  
  56  5:29  Marine  
  56  5:30  SCV  
  56  5:31  SCV  
  59  5:37  Barracks Reactor  
  59  5:39  Terran Infantry Weapons Level 1, Terran Infantry Armor Level 1  
  59  5:44  SCV x2, Marine, Barracks  
  59  5:45  Marine  
  59  5:46  Orbital Command  
  59  5:47  Marine, Barracks  
  64  5:58  SCV x2, Supply Depot, Medivac  
  64  5:59  Medivac, Supply Depot  
  70  6:04  Marine  
  70  6:05  Marine x2  
  70  6:10  SCV x2  
  75  6:11  SCV  
  75  6:16  Marine  
  77  6:19  Marine  
  77  6:20  Siege Tank  
  77  6:22  SCV x2, Marine x2  
  77  6:23  Marine  
  77  6:25  SCV  
  87  6:26  Supply Depot  
  87  6:34  SCV  
  87  6:35  SCV  
  87  6:37  SCV  
  87  6:39  Barracks Reactor x2  
  90  6:45  Command Center  
  90  6:47  SCV x2  
  92  6:48  Armory  
  92  6:49  SCV, Marine  
  92  6:50  Marine  
  92  6:51  Supply Depot  
  89  6:59  SCV x2  
  89  7:01  SCV  
  87  7:06  Marine x3  
  87  7:07  Marine x2  
  87  7:11  SCV x2  
  87  7:13  SCV  
  89  7:18  Marine  
  89  7:19  Marine x2  
  89  7:20  Marine  
  93  7:23  SCV x2  
  93  7:25  SCV, Siege Tank  
  92  7:32  Medivac x2  
  92  7:35  SCV x2  
  97  7:37  SCV  
  97  7:46  Terran Infantry Armor Level 2, Terran Infantry Weapons Level 2  
  97  7:47  SCV x2  
  97  7:49  SCV  
  100  7:52  Missile Turret  
  100  7:53  Missile Turret  
  100  7:55  Missile Turret  
  100  7:57  Marine  
  100  7:58  Marine x8  
  106  8:04  Refinery, Factory  
  106  8:09  SCV x3  
  109  8:15  Marine x3  
  109  8:17  Marine x6  
  118  8:23  Missile Turret  
  118  8:30  Supply Depot x3  
  118  8:33  Drilling Claws, Marine  
  115  8:36  Medivac x2  
  115  8:38  SCV, Planetary Fortress  
  115  8:39  SCV x2  
  122  8:50  SCV  
  122  8:51  SCV x2, Thor  
  131  8:59  Factory Reactor  
  128  9:03  SCV x3  
  128  9:05  Supply Depot, Marauder, Marine x7  
  128  9:06  Marine  
  141  9:10  Medivac  
  141  9:11  Medivac  
  141  9:13  Supply Depot  
  139  9:23  Marine x4  
  143  9:27  SCV x4  
  143  9:30  Supply Depot x2  
  147  9:34  Thor  
  147  9:35  Missile Turret  
  147  9:36  Missile Turret  
  147  9:37  Missile Turret, Widow Mine x2, Marine x4  
  147  9:38  Marauder  
  163  9:43  Missile Turret x2  
  163  9:49  Terran Vehicle Weapons Level 1  
  163  9:50  Medivac x2, Supply Depot  
  167  9:57  Command Center  
  167  9:58  Marine x2  
  167  9:59  Marauder, Marine x3  
  174  10:02  Marine  
  173  10:08  Missile Turret, Marine x2  
  173  10:10  Missile Turret  
  173  10:12  Widow Mine x2  
  179  10:16  Marine x3  
  179  10:17  Marine x2  
  179  10:18  Thor  
  179  10:20  Marauder  
  190  10:24  Supply Depot  
  190  10:26  Terran Infantry Weapons Level 3  
  184  10:32  Refinery, Marine x3  
  184  10:34  Marine x5  
  190  10:50  Barracks  
  190  10:51  Barracks  
  190  10:52  Barracks  
  190  10:54  Marine  
  190  10:55  Marauder, Marine x3  
  187  11:00  Widow Mine x2, Thor  
  168  11:10  Terran Infantry Armor Level 3  
  144  11:19  Medivac x2  
  144  11:21  Marine x5, Widow Mine  
  144  11:22  Marine x4, Widow Mine  
  151  11:36  Marine  
  151  11:39  Marine x7  
  157  11:40  Marauder, Missile Turret, Marine  
  157  11:42  Marine, Barracks Tech Lab, Widow Mine  
  157  11:44  Barracks Tech Lab  
  157  11:46  Widow Mine  
  169  11:47  Thor  
  169  11:53  Missile Turret  
  173  11:54  Marine  
  173  11:56  Marine  
  173  11:57  Concussive Shells, Marine  
  173  12:00  Marine x2  
  178  12:01  Reaper  
  178  12:04  Widow Mine  
  178  12:05  Marine x6  
  178  12:10  SCV x4  
  178  12:12  Planetary Fortress  
  178  12:14  Marine x2  
  181  12:22  SCV x3  
  181  12:23  Widow Mine, Marine x2  
  181  12:24  Marauder, Marine x2  
  181  12:25  Widow Mine  
  181  12:26  Supply Depot  
  181  12:27  Missile Turret  
  190  12:30  Barracks Tech Lab x2  
  190  12:31  Widow Mine  
  190  12:48  Marine x2  
  190  12:49  Marauder, Marine x2  
  190  12:50  Marauder x3, Marine  
  192  12:53  Thor  
  192  12:54  Widow Mine  
  150  13:25  Marine x2  
  150  13:26  Marauder, Marine  
  129  13:29  Widow Mine x2, Marine x2  
  129  13:30  Marauder x2, Marine x2  
  129  13:32  Medivac x2  
  129  13:36  Thor  
  129  13:38  Marine x2  
  129  13:41  Command Center  
  137  13:43  Marine x3  
  137  13:45  Factory  
  137  13:47  Marauder, Marine x4  
  146  13:58  Widow Mine  
  146  13:59  Widow Mine, Marine x2  
  146  14:00  Marauder x2  
  146  14:01  Terran Vehicle And Ship Armor Level 1, Marine x3  
  159  14:05  Marine  
  159  14:07  Ghost Academy  
  159  14:08  Marauder, Marine x3  
  165  14:17  Marauder  
  165  14:19  Medivac x2, Widow Mine  
  165  14:21  Marauder x2  
  179  14:24  Widow Mine x2, Marine x2  
  179  14:28  Marine x4  
  179  14:30  Marauder  
  189  14:35  Marine  
  189  14:36  Marine  
  191  14:39  Marauder  
  191  14:41  Widow Mine  
  171  14:51  Marine x2  
  171  14:52  Marauder x3, Marine x4  
  160  14:55  Widow Mine x3  
  160  14:58  Orbital Command  
  160  14:59  Marine x2  
  126  15:00  Marauder  
  126  15:05  Medivac x2  
  126  15:06  Widow Mine  
  114  15:09  Marine x2  
  114  15:10  Marine x2  
  114  15:11  Marine x2  
  114  15:13  Marauder x2  
  114  15:14  Marauder  
  114  15:16  SCV x4, Widow Mine x2  
  114  15:17  Marine x2  
  122  15:21  Marauder  
  119  15:30  Factory Reactor  
  119  15:33  Marine x6  
  119  15:35  Medivac x2, Marauder x3, Marine  
  134  15:43  Marauder  
  134  15:45  Widow Mine x2  
  134  15:46  Widow Mine  
  134  15:47  Marine  
  143  15:56  Marauder x3  
  149  15:59  Marine x2  
  149  16:00  Marine  
  152  16:04  Marauder  
  152  16:05  Medivac x2  
  158  16:18  Marauder x2  
  112  16:19  Widow Mine, Marine  
  112  16:20  Marauder, Marine x3  
  112  16:25  Marine x2  
  101  16:26  Marauder  
  101  16:30  Marine x2  
Tags
 
Add a new tag
Caveats
  • Supply blocks, unpowered buildings, or Contaminate may cause inaccurate times.
  • Supply counts are checked every 10 seconds.